 Dungeon Crawl Stone Soup version 0.24-a0-251-g44e327e (webtiles) character file.

Game seed: 2968629099801874590

797 Ijustatesigmund the Chopper (level 7, 0/51 HPs)
             Began as an Octopode Fighter on Apr 16, 2019.
             Slain by a leopard gecko (5 damage)
             ... on level 4 of the Dungeon.
             The game lasted 00:07:21 (3918 turns).

Ijustatesigmund the Chopper (Octopode Fighter)      Turns: 3918, Time: 00:07:23

Health: 0/51       AC:  3    Str: 14 (15) XL:     7   Next: 89%
Magic:  7/7        EV: 12    Int: 10      God:
Gold:   119        SH:  9    Dex: 14      Spells: 5/6 levels left

rFire    . . .     SeeInvis .   j - +0 war axe of Nemelex Xobeh's Hatred {venom, MR+} (curse)
rCold    . . .     Gourm    .   b - +1 shield
rNeg     . . .     Faith    .   e - +2 hat
rPois    .         Spirit   .   (no amulet)
rElec    .         Reflect  .   (no ring)
rCorr    .         Harm     .   (no ring)
MR       +....     Clarity  +   (no ring)
Stlth    ++........             (no ring)
HPRegen  0.17/turn              (no ring)
MPRegen  0.10/turn              (no ring)
                                (no ring)
                                (no ring)

@: no status effects
A: almost no armour, stealthy swim, amphibious, 8 rings, constrict 8, antennae
1, tentacle spike 1, camouflage 1, clarity, gelatinous body 1
a: no special abilities


You were on level 4 of the Dungeon.
You were not hungry.

You visited 1 branch of the dungeon, and saw 4 of its levels.

You collected 119 gold pieces.

Inventory:

Hand Weapons
 a - a +0 war axe
 g - a +0 hand axe of flaming
 j - the cursed +0 war axe of Nemelex Xobeh's Hatred (weapon) {venom, MR+}
   (You found it on level 4 of the Dungeon)

   It poisons the flesh of those it strikes.
   It affects your resistance to hostile enchantments.
   It has a curse placed upon it.
Armour
 b - a +1 shield (worn)
 e - a +2 hat (worn)
Wands
 l - a wand of iceblast (10)
 m - a wand of flame (17)
Scrolls
 c - a scroll of identify
 f - a scroll of remove curse
 h - 2 scrolls of magic mapping
Potions
 i - a potion of curing
 k - 2 potions of mutation
Comestibles
 d - 5 rations
 n - a chunk of flesh


   Skills:
 + Level 5.7 Fighting
 * Level 7.2 Axes
 - Level 3.0 Dodging
 - Level 3.0 Shields


You had 5 spell levels left.
You knew the following spells:

 Your Spells              Type           Power        Failure   Level  Hunger
a - Magic Dart            Conj           #...         87%         1    ##.....

Your spell library contained the following spells:

 Spells                   Type           Power        Failure   Level  Hunger
 Searing Ray              Conj           #.....       95%         2    ###....
 Dazzling Spray           Conj/Hex       #.....       99%         3    ####...
 Force Lance              Conj/Tloc      #.......     100%        4    #####..
 Fulminant Prism          Conj/Hex       #.........   100%        4    #####..
 Iskenderun's Mystic Bla  Conj           #.......     100%        4    #####..


Dungeon Overview and Level Annotations

Branches:
Dungeon (4/15)
 Temple: D:4-7

Altars:
Okawaru

Annotations:
D:4 Blork the orc


Innate Abilities, Weirdness & Mutations

You cannot wear most types of armour.
You are very stealthy in the water. (Stealth+)
You are amphibious.
You can wear up to eight rings at the same time.
You can use your tentacles to constrict eight enemies at once.
Your skin changes colour to match your surroundings (Stealth+).
Your rubbery body absorbs attacks. (AC +1, EV +1)
You have a pair of small antennae on your head.
One of your tentacles bears a spike.
You possess an exceptional clarity of mind.


Message History

You hit Pikel.
Pikel looks as sick as possible!
You squeeze Pikel.
Pikel is almost dead.
You hit the slave. You slash the quokka!
You kill the quokka!
You hit the slave but do no damage.
The slave is poisoned.
You hit the slave.
The slave looks as sick as possible!
You constrict Pikel. You block Pikel's attack. The slave misses you.
The slave hits you but does no damage. The slave hits you.
* * * LOW HITPOINT WARNING * * *
You slash Pikel!
You kill Pikel!
You feel your strength returning.
You feel your intelligence returning.
Your Fighting skill increases to level 5!
Your Axes skill gained 2 levels and is now at level 7!
You have reached level 7!
You miss the slave.
With Pikel's spell broken, the former slaves thank you for their freedom.
You miss the leopard gecko. You block the leopard gecko's attack.
The leopard gecko bites you.
You die...

........?.......?.
#..#..........
#.............
##.............
#..............
.......p.......
...............
.......l#......
......p@...#
......pp).##
..........#
.........##
.........#
#.....#### ......
.##.#.


You could see a leopard gecko and 4 neutral freed slaves.

Vanquished Creatures
  Pikel (D:4)
  An orc priest (D:3)
  An orc wizard (D:3)
  Ijyb (D:3)
  Natasha (thrice) (D:2)
  Robin (D:2)
  2 gnolls
  5 adders
  2 oozes (D:2)
  2 worms
  2 leopard geckos
  5 orcs (D:3)
  2 ball pythons
  4 giant cockroaches
  18 goblins
  9 hobgoblins
  4 quokkas
  3 bats
  6 frilled lizards
  8 kobolds
  6 rats
86 creatures vanquished.

Notes
Turn   | Place    | Note
-------+----------+-------------------------------------------
     0 | D:1      | Ijustatesigmund the Octopode Fighter began the quest for
                  | the Orb.
     0 | D:1      | Reached XP level 1. HP: 16/16 MP: 1/1
   264 | D:1      | Reached XP level 2. HP: 21/21 MP: 2/2
   709 | D:2      | Reached skill level 3 in Axes
   709 | D:2      | Reached XP level 3. HP: 26/26 MP: 3/3
   779 | D:2      | Noticed Natasha
   786 | D:2      | Killed Natasha
   786 | D:2      | Reached XP level 4. HP: 19/33 MP: 4/4
   919 | D:2      | Noticed Robin
   931 | D:2      | Killed Robin
   931 | D:2      | Reached skill level 4 in Axes
   950 | D:2      | Noticed Natasha
   957 | D:2      | Killed Natasha
   957 | D:2      | Reached XP level 5. HP: 15/37 MP: 5/5
  1499 | D:2      | Noticed Natasha
  1513 | D:2      | Gained mutation: You possess an exceptional clarity of
                  | mind. [potion of mutation]
  1513 | D:2      | Gained mutation: You have a pair of small antennae on your
                  | head. [potion of mutation]
  1513 | D:2      | Gained mutation: One of your tentacles bears a spike.
                  | [potion of mutation]
  1514 | D:2      | HP: 1/37 [Natasha (4)]
  1516 | D:2      | Killed Natasha
  2008 | D:3      | Found an iron altar of Okawaru.
  2543 | D:3      | Reached skill level 5 in Axes
  2543 | D:3      | Reached XP level 6. HP: 39/44 MP: 6/6
  2859 | D:3      | Learned a level 1 spell: Magic Dart
  3693 | D:4      | Noticed Blork the orc
  3695 | D:4      | Got a dazzling war axe
  3701 | D:3      | Identified the cursed +0 war axe of Nemelex Xobeh's Hatred
                  | {venom, MR+} (You found it on level 4 of the Dungeon)
  3786 | D:4      | Noticed Pikel
  3786 | D:4      | Noticed a slave
  3786 | D:4      | Noticed a slave
  3786 | D:4      | Noticed Ijyb
  3790 | D:4      | Noticed a slave
  3795 | D:3      | Killed Ijyb
  3912 | D:4      | Noticed a slave
  3918 | D:4      | Killed Pikel
  3918 | D:4      | Reached skill level 5 in Fighting
  3918 | D:4      | Reached skill level 7 in Axes
  3918 | D:4      | Reached XP level 7. HP: 5/51 MP: 7/7
  3918 | D:4      | Slain by a leopard gecko

Levels and vault maps discovered:
D:1:      dpeg_arrival_fog, layout_rooms
D:2:      layout_basic, uniq_robin, uniq_natasha
D:3:      layout_loops_cross, lemuel_doored_altar, serial_co_window_serial,
          co_window_corner_a, co_window_of_opportunity_a, co_window_paths_a,
          co_window_paths_a, co_window_paths_b, co_window_corner_b,
          co_window_corner_b, co_window_corner_b, co_window_unsneaky_path_c,
          co_window_broadway_c, co_window_cross_3, co_window_4corner_b,
          glass_columns_a, glass_columns_a, glass_columns_c
D:4:      layout_rooms, serial_shops, shop, uniq_duvessa, uniq_pikel,
          uniq_blork_the_orc, uniq_ijyb

Skill      XL: |  1  2  3  4  5  6 |
---------------+-------------------+-----
Axes           | 3 4 5 7 |  7.2
Fighting       | 4 5 |  5.7
Dodging        | |  3.0
Shields        | |  3.0

Action                   |  1- 3 |  4- 6 |  7- 9 || total
-------------------------+-------+-------+-------++-------
Melee: War axe           |    20 |    11 |       ||    31
       Constrict         |    10 |    28 |       ||    38
       Tentacles         |    11 |    14 |       ||    25
       Hand axe          |    19 |    90 |       ||   109
       Kick              |       |    15 |       ||    15
  Use: Potion            |       |     5 |       ||     5
       Scroll            |       |     9 |       ||     9
 Stab: Sleeping          |     4 |     7 |       ||    11
  Eat: Chunk             |       |     3 |       ||     3
       Ration            |       |     2 |       ||     2
Armor: Skin              |     4 |    19 |       ||    23
Dodge: Dodged            |    14 |    48 |       ||    62
Block: Shield            |    10 |    49 |     1 ||    60

Table legend:
 A = Non-vault XP
 B = Vault XP
 C = Vault XP percentage of total XP
 D = Non-vault monster count
 E = Vault monster count
 F = Vault count percentage of total count
                 A         B        C        D         E       F
            +---------+---------+-------+---------+---------+-------
      Total |     368 |     771 |  67.7 |      70 |      16 |  18.6
            +---------+---------+-------+---------+---------+-------
        D:1 |      23 |       0 |   0.0 |      14 |       0 |   0.0
        D:2 |     167 |      72 |  30.1 |      24 |      14 |  36.8
        D:3 |     174 |      36 |  17.1 |      30 |       1 |   3.2
        D:4 |       4 |     663 |  99.4 |       2 |       1 |  33.3
            +---------+---------+-------+---------+---------+-------
